 Dungeon Crawl Stone Soup version 0.28.0 (webtiles) character file.

Game seed: 14378012397107414001

2420 browni3141 the Grappler (level 9, -1/89 HPs)
             Began as a Troll Berserker on Feb 10, 2022.
             Was an Elder of Trog.
             Slain by Maurice (4 damage)
             ... on level 8 of the Dungeon.
             The game lasted 00:04:59 (4951 turns).

browni3141 the Grappler (Troll Berserker)           Turns: 4951, Time: 00:04:59

Health: -1/89      AC:  1    Str: 31    XL:     9   Next: 24%
Magic:  8/8        EV: 10    Int:  3    God:    Trog [****..]
Gold:   194        SH:  0    Dex:  9    Spells: 8/8 levels left

rFire   . . .      SeeInvis .     - Unarmed
rCold   . . .      Faith    .   (no shield)
rNeg    + . .      Spirit   .   m - +1 robe "Malaetif" {+Inv rPois rN+}
rPois   +          Reflect  .   (helmet restricted)
rElec   .          Harm     .   (no cloak)
rCorr   .          Rampage  .   (gloves unavailable)
Will    .....                   (boots unavailable)
Stlth   +.........              (no amulet)
HPRegen 1.04/turn               (no ring)
MPRegen 0.11/turn               (no ring)

@: about to teleport, corroded, on berserk cooldown, slowed, very slow
A: large, unfitting armour, claws 3, regeneration 1, shaggy fur 1, tough skin 1
a: Renounce Religion, Evoke Invisibility, Berserk, Trog's Hand, Brothers in Arms


You were on level 8 of the Dungeon.
You worshipped Trog.
Trog was greatly pleased with you.
You visited 2 branches of the dungeon, and saw 9 of its levels.
You also visited: Ossuary.

You collected 194 gold pieces.

Inventory:

Missiles
 z - 3 throwing nets (quivered)
Armour
 a - a +0 animal skin
 m - the +1 robe "Malaetif" (worn) {+Inv rPois rN+}
   (You found it on level 4 of the Dungeon)

   rPois:     It protects you from poison.
   rN:        It protects you from negative energy.
   +Inv:      It lets you turn invisible.
Wands
 g - a wand of flame (17)
 q - a wand of mindburst (26)
 B - a wand of iceblast (7)
Scrolls
 e - 4 scrolls of teleportation
 f - 3 scrolls of amnesia
 k - 3 scrolls of enchant weapon
 l - a scroll of noise
 p - a scroll of torment
 v - 2 scrolls of enchant armour
 A - a scroll of silence {unknown}
 C - a scroll of identify
Potions
 b - 4 potions of resistance
 c - 3 potions of degeneration
 d - 2 potions of berserk rage {unknown}
 i - 7 potions of curing {unknown}
 j - 3 potions of heal wounds {unknown}
 n - 3 potions of attraction {unknown}
 o - 2 potions of might {unknown}
 r - a potion of magic {unknown}
 s - a potion of flight {unknown}
 t - a potion of haste {unknown}
 u - a potion of invisibility {unknown}
 w - a potion of mutation {unknown}
 x - a potion of ambrosia {unknown}
 D - a potion of cancellation {unknown}


   Skills:
 - Level 5.6 Fighting
 - Level 2.4 Dodging
 * Level 5.2 Shields
 - Level 9.3 Unarmed Combat


You had 8 spell levels left.
You didn't know any spells.
Your spell library was empty.

Dungeon Overview and Level Annotations

Branches:
Dungeon (8/15)             Temple (1/1) D:5         Ossuary (visited)
   Lair: D:8-11

Altars:
Dithmenos
Sif Muna
Yredelemnul

Shops:
D:1 [   D:3 :

Annotations:
D:8 Maurice


Innate Abilities, Weirdness & Mutations

You are too large for most types of armour.
You have claws for hands.
Your natural rate of healing is unusually fast.
You are covered in fur. (AC +1)
You have tough skin. (AC +1)


Message History

Maurice says, "Very interesting."
Maurice gestures wildly while chanting.
Maurice puts on a burst of speed!
The shadow imp closely misses you.
Maurice zaps a wand.
The bolt of acid hits you!! The acid corrodes you! The shadow imp hits you.
Something hits you.
Maurice gestures wildly while chanting.
Maurice flickers and vanishes!
The shadow imp hits you.
You completely miss something. Something hits you.
The shadow imp barely misses you.
You mangle something!! Trog accepts your kill.
Trog appreciates your killing of a magic user.
Reactivating autopickup.
You feel a bit more experienced. The shadow imp closely misses you.
The shadow imp hits you. x2
Things that are here:
a +0 dagger; a +0 robe Something hits you!
* * * LOW HITPOINT WARNING * * *
Something steals your scroll of immolation!
Deactivating autopickup; reactivate with Ctrl-A.
A wight comes into view. It is wielding a +5 dire flail.
Something hits you!
* * * LOW HITPOINT WARNING * * *
Something steals 128 gold pieces!
You now have 194 gold pieces.
You scratch something but do no damage. Something hits you.
* * * LOW HITPOINT WARNING * * *
Something steals 1 of your 4 red potions!
The shadow imp hits you.
* * * LOW HITPOINT WARNING * * *
Unknown command.
Okay, then.
As you read the scroll of teleportation, it crumbles to dust.
You feel strangely unstable. Something hits you.
* * * LOW HITPOINT WARNING * * *
Something steals your +2 tower shield of protection!
The shadow imp hits you.
* * * LOW HITPOINT WARNING * * *
Something hits you.
You die...

#..... #.# #..... .. .
###..... ..# ..#....##.
.## #.# ...#..#). ...#
#.# #.[#..#).. #..###.##
##........<#.
#.....)####......#..####)
#.....){@..z..# ##.# #...
##.....#5##..## #.. ##...
#...)....#..# #.###....
#.....)#.#..####.#...#..
#........#..##...#......
#.....#.††(..#......#...
#.......†.......##......
####........>####.....##
....####..#...#....###


You could see a wight and a shadow imp.

Vanquished Creatures
  A troll (D:8)
  Menkaure (Ossuary)
  A hornet zombie (D:7)
  An ice beast (D:5)
  3 orc warriors (D:8)
  A black bear (D:7)
  An ogre (D:5)
  3 bullfrogs
  A gnoll sergeant (D:8)
  A scorpion (D:5)
  A water moccasin zombie (D:5)
  A wyvern skeleton (D:6)
  A wight (D:8)
  A water moccasin skeleton (D:6)
  4 howler monkeys
  A bullfrog zombie (D:5)
  A centaur zombie (D:6)
  2 hounds
  3 orc priests
  A bullfrog skeleton (D:6)
  A gnoll shaman (D:7)
  Jessica (D:2)
  2 iguanas
  4 orc wizards
  A hound zombie (D:5)
  3 mummies (Ossuary)
  7 gnolls
  8 adders
  2 shadow imps
  An ufetubus (D:4)
  2 worms
  2 dart slugs
  20 orcs
  9 ball pythons
  4 endoplasms
  A giant cockroach (D:2)
  2 goblins
  8 hobgoblins
  4 jackals
  10 kobolds
  5 quokkas
  7 bats
  3 frilled lizards
  3 gnoll skeletons (Ossuary)
  4 gnoll zombies (Ossuary)
  3 goblin skeletons (Ossuary)
  3 goblin zombies (Ossuary)
  2 hobgoblin skeletons (Ossuary)
  6 hobgoblin zombies (Ossuary)
  5 kobold skeletons (Ossuary)
  3 kobold zombies (Ossuary)
  7 orc skeletons (Ossuary)
  8 orc zombies (Ossuary)
  4 rats
  5 rat skeletons (Ossuary)
  A rat zombie (Ossuary)
191 creatures vanquished.

Vanquished Creatures (others)
  13 plants (D:8)
13 creatures vanquished.

Grand Total: 204 creatures vanquished

Notes
Turn   | Place    | Note
-------+----------+-------------------------------------------
     0 | D:1      | browni3141 the Troll Berserker began the quest for the Orb.
     0 | D:1      | Reached XP level 1. HP: 22/22 MP: 0/0
   140 | D:1      | Reached XP level 2. HP: 29/29 MP: 1/1
   157 | D:1      | Found Ifuxziat's Armour Shop.
   365 | D:1      | Found a faded altar of an unknown god.
   371 | D:1      | Reached ** piety under Trog
   423 | D:1      | Reached XP level 3. HP: 36/36 MP: 2/2
   713 | D:2      | Reached skill level 4 in Unarmed Combat
  1299 | D:2      | Noticed Jessica
  1302 | D:2      | Killed Jessica
  1303 | D:2      | Reached XP level 4. HP: 44/45 MP: 3/3
  1567 | D:3      | Found Nostru Nuty's Book Shoppe.
  1783 | D:3      | Reached skill level 5 in Unarmed Combat
  1945 | D:3      | Reached XP level 5. HP: 53/53 MP: 4/4
  2117 | D:4      | Reached *** piety under Trog
  2168 | D:4      | Reached XP level 6. HP: 47/62 MP: 5/5
  2174 | D:4      | Identified the +1 robe "Malaetif" {+Inv rPois rN+}
  2477 | D:5      | Entered Level 5 of the Dungeon
  2522 | D:5      | Reached skill level 6 in Unarmed Combat
  2558 | D:5      | Found a staircase to the Ecumenical Temple.
  2716 | D:5      | Reached XP level 7. HP: 62/70 MP: 6/6
  2728 | D:5      | Reached skill level 7 in Unarmed Combat
  2932 | D:5      | Found a sand-covered staircase.
  3063 | Temple   | Entered the Ecumenical Temple
  3115 | Ossuary  | Entered an ossuary
  3335 | Ossuary  | Reached **** piety under Trog
  3369 | Ossuary  | Noticed Menkaure
  3377 | Ossuary  | Killed Menkaure
  3378 | Ossuary  | Reached skill level 5 in Fighting
  3378 | Ossuary  | Reached skill level 8 in Unarmed Combat
  3514 | D:6      | Reached XP level 8. HP: 80/80 MP: 7/7
  3575 | D:6      | Found a basalt altar of Yredelemnul.
  4349 | D:7      | Reached skill level 9 in Unarmed Combat
  4376 | D:7      | Found a shimmering blue altar of Sif Muna.
  4376 | D:7      | Found a shadowy altar of Dithmenos.
  4493 | D:7      | Identified a scroll of acquirement
  4494 | D:7      | Acquired a +2 tower shield of protection
  4586 | D:7      | Reached skill level 1 in Shields
  4867 | D:8      | Reached XP level 9. HP: 65/89 MP: 8/8
  4913 | D:8      | Noticed a troll
  4923 | D:8      | Killed a troll
  4941 | D:8      | Reached skill level 5 in Shields
  4941 | D:8      | Noticed Maurice
  4951 | D:8      | HP: 3/89 [shadow imp (4)]
  4951 | D:8      | Slain by Maurice

Illustrated notes

Levels and vault maps discovered:
D:1:      nzn_arrival_crosshair, layout_loops_ring, serial_shops,
          nicolae_shop_competitors_out_of_business,
          hellmonk_ecumenical_altar_prayer_group
D:2:      layout_loops_ring, grunt_ministairs_2, kennysheep_jessica_study
D:3:      layout_loops_ring, serial_shops, nicolae_shop_window_shopping,
          minmay_puff
D:4:      layout_rooms
D:5:      layout_rooms, minmay_temple_entry_hall, enter_ossuary_1,
          wad_floor_pattern_2
D:6:      layout_cave_pools, yredelemnul_altar_generic, serial_rivers,
          chequers_serial_rivers_room_a, chequers_serial_rivers_micro_e,
          chequers_serial_rivers_room_a, chequers_serial_rivers_small_a
D:7:      layout_gridville, gammafunk_temple_overflow_statue
D:8:      layout_rooms, vehumet_altar_wand_db, lemuel_round_altar,
          nicolae_grassy_gnolls, uniq_pikel, uniq_maurice
Temple:   minmay_temple_bridge_abc

Skill      XL: |  1  2  3  4  5  6  7  8  9 |
---------------+----------------------------+-----
Unarmed Combat | 4 5 6 8 9 |  9.3
Fighting       | 3 4 5 |  5.6
Shields        | 3 5 |  5.2
Dodging        | |  2.4

Action                   |  1- 3 |  4- 6 |  7- 9 || total
-------------------------+-------+-------+-------++-------
Melee: Unarmed           |    71 |   133 |   212 ||   416
       Punch             |       |     4 |    10 ||    14
Invok: Berserk           |       |     1 |     8 ||     9
  Use: Scroll            |       |     1 |    11 ||    12
 Stab: Sleeping          |       |       |     1 ||     1
Armor: Animal skin       |    20 |    14 |       ||    34
       Robe              |       |    10 |    51 ||    61
Dodge: Dodged            |    36 |    62 |   101 ||   199
